 Dungeon Sprint DCSS version 0.30-a0-341-g682706514a (webtiles) character file.

Game seed: 17093368756404043677

1800000 p00ps00p the Slayer (level 14, -19/143 HPs)
             Began as a Demonspawn Monk on Nov 4, 2022.
             Was a Believer of Makhleb.
             Demolished by a meat berserker
             ... wielding a +9 battleaxe
              (87 damage)
             ... in the Dungeon (Sprint VIII: "Arena of Blood").
             The game lasted 00:01:08 (18 turns).

p00ps00p the Slayer (Demonspawn Monk)                 Turns: 18, Time: 00:01:09

Health: -19/143    AC:  5    Str: 16    XL:     14   Next: 35%
Magic:  14/14      EV: 23    Int: 13    God:    Makhleb [**....]
Gold:   0          SH:  0    Dex: 15    Spells: 13/13 levels left

rFire   . . .      SeeInvis .    i - +∞ Axe of Woe
rCold   . . .      Faith    .    (shield currently unavailable)
rNeg    . . .      Spirit   .    a - +0 robe
rPois   .          Reflect  .    (helmet restricted)
rElec   .          Harm     .    (no cloak)
rCorr   .          Rampage  .    (no gloves)
Will    +....      NoTele   +    (no boots)
Stlth   ++++......               (no amulet)
HPRegen 1.43/turn                (no ring)
MPRegen 0.14/turn                (no ring)

@: on berserk cooldown, slowed, very slow
A: horns 2, icy blue scales 2, ignite blood 1, powered by death 2
a: Renounce Religion, Minor Destruction


You were in the Dungeon.
You worshipped Makhleb.
Makhleb was pleased with you.
You visited 1 branch

Inventory:

Hand Weapons
 i - the +∞ Axe of Woe (weapon)
   (You found it in the Dungeon)
Armour
 a - a +0 robe (worn)
Jewellery
 g - a +30 ring of slaying
 j - a +30 ring of slaying
Scrolls
 h - a scroll of blinking
Potions
 b - a potion of ambrosia
 c - a potion of curing
 d - a potion of heal wounds
 e - a potion of haste
 f - 2 potions of magic


   Skills:
 + Level 23.1 Fighting
 + Level 10.6 Axes
 + Level 20.1 Dodging
 + Level 8.5 Stealth
 + Level 20.4 Unarmed Combat


You had 13 spell levels left.
You didn't know any spells.
Your spell library was empty.

Dungeon Overview and Level Annotations

Branches:
Dungeon (1/1)

Altars:
Makhleb


Innate Abilities, Weirdness & Mutations

You have a pair of horns on your head.
You are mostly covered in icy blue scales. (AC +3)
Your demonic aura sometimes causes spilled blood to erupt in flames.
You regenerate health from kills.


Message History

You hear a shout! x16
A bag of meat and a meat berserker come into view.
The meat berserker shouts!
The bag of meat shouts!
You hear a shout! x16
Items here: ))) === †.
g - a +30 ring of slaying;
j - a +30 ring of slaying You hear a shout! x12
A meat berserker comes into view. It is wielding a +9 battleaxe.
You slash the bag of meat!
You slaughter the bag of meat joyfully.
You kill the bag of meat!
Makhleb accepts your kill.
You feel better.
You hear a shout! x13
A bag of meat comes into view. It is wielding a +9 war axe.
The bag of meat is engulfed in blazing flames.
The bag of meat hits you with a +9 war axe!!
You hear a shout! x5; You hear two shouts!
The bag of meat shouts!
Your Fighting skill increases to level 23!
Your Axes skill increases to level 10!
Your Dodging skill increases to level 20!
Your Unarmed Combat skill increases to level 20!
You hit the bag of meat.
You dissect the bag of meat like a pig carcass.
You kill the bag of meat!
Makhleb accepts your kill.
You feel better.
You slash the meat berserker!
You butcher the meat berserker messily.
You kill the meat berserker!
Makhleb accepts your kill.
You feel better.
You hear a shout! x16
A meat berserker comes into view. It is wielding a +9 battleaxe.
You hear a shout! x3
The meat berserker hits you with a +9 battleaxe!!!!
Ouch! That really hurt!
A bag of meat comes into view. It is wielding a +9 war axe.
You hear a shout! x11
A destroyer comes into view. It is wielding a +9 vorpal great sword.
The meat berserker hits you with a +9 battleaxe!!!!
Ouch! That really hurt!
You die...

.. ..... #. V..#
#.. ...# .###..
.o.###.
......###......
....._.O...
#....)# #_.<.☼#
#..))@#
......_.°O......
......###........
o###.. ...###...
#.. ...# o. #.
....# .. .....
.......


You could see a destroyer, 2 meat berserkers and 2 bags of meat.

Vanquished Creatures
  2 ogres (D)
  7 orcs (D)
9 creatures vanquished.

Notes
Turn   | Place    | Note
-------+----------+-------------------------------------------
     0 | D        | Found the +∞ Axe of Woe
     0 | D        | p00ps00p the Demonspawn Monk began the quest for the Orb.
     0 | D        | Reached XP level 1. HP: 18/18 MP: 1/1
     1 | D        | Noticed a bag of meat
     2 | D        | Noticed a bag of meat
     3 | D        | Noticed a bag of meat
     4 | D        | Killed a bag of meat
     5 | D        | Reached skill level 15 in Fighting
     5 | D        | Reached skill level 5 in Stealth
     5 | D        | Gained mutation: Your demonic aura sometimes causes spilled
                  | blood to erupt in flames. [demonic ancestry]
     5 | D        | Reached XP level 2. HP: 44/44 MP: 2/2
     5 | D        | Reached XP level 3. HP: 50/50 MP: 3/3
     5 | D        | Gained mutation: You regenerate a little health from kills.
                  | [demonic ancestry]
     5 | D        | Reached XP level 4. HP: 57/57 MP: 4/4
     5 | D        | Reached XP level 5. HP: 63/63 MP: 5/5
     5 | D        | Reached XP level 6. HP: 70/70 MP: 6/6
     5 | D        | Reached XP level 7. HP: 76/76 MP: 7/7
     5 | D        | Gained mutation: You are partially covered in icy blue
                  | scales. (AC +2) [demonic ancestry]
     5 | D        | Reached XP level 8. HP: 83/83 MP: 8/8
     5 | D        | Reached XP level 9. HP: 89/89 MP: 9/9
     5 | D        | Gained mutation: You have a pair of small horns on your
                  | head. [demonic ancestry]
     5 | D        | Reached XP level 10. HP: 96/96 MP: 10/10
     5 | D        | Noticed a bag of meat
    11 | D        | Noticed a bag of meat
    11 | D        | Killed a bag of meat
    11 | D        | Noticed a meat berserker
    12 | D        | Reached skill level 17 in Fighting
    12 | D        | Reached skill level 15 in Dodging
    12 | D        | Reached skill level 15 in Unarmed Combat
    12 | D        | Gained mutation: You regenerate health from kills. [demonic
                  | ancestry]
    12 | D        | Reached XP level 11. HP: 96/107 MP: 11/11
    12 | D        | Noticed a bag of meat
    12 | D        | Killed a bag of meat
    12 | D        | Killed a bag of meat
    13 | D        | Reached skill level 20 in Fighting
    13 | D        | Gained mutation: You are mostly covered in icy blue scales.
                  | (AC +3) [demonic ancestry]
    13 | D        | Reached XP level 12. HP: 46/121 MP: 12/12
    13 | D        | Reached XP level 13. HP: 49/127 MP: 13/13
    13 | D        | Killed a bag of meat
    13 | D        | Killed a meat berserker
    13 | D        | Noticed a bag of meat
    13 | D        | Noticed a bag of meat
    14 | D        | Reached skill level 22 in Fighting
    14 | D        | Gained mutation: You have a pair of horns on your head.
                  | [demonic ancestry]
    14 | D        | Reached XP level 14. HP: 60/141 MP: 14/14
    14 | D        | Became a worshipper of Makhleb the Destroyer
    14 | D        | Reached * piety under Makhleb
    14 | D        | Reached ** piety under Makhleb
    15 | D        | Noticed a bag of meat
    15 | D        | Noticed a meat berserker
    16 | D        | Noticed a meat berserker
    17 | D        | Killed a bag of meat
    17 | D        | Noticed a bag of meat
    18 | D        | Reached skill level 23 in Fighting
    18 | D        | Reached skill level 10 in Axes
    18 | D        | Killed a bag of meat
    18 | D        | Killed a meat berserker
    18 | D        | Noticed a meat berserker
    18 | D        | Noticed a bag of meat
    18 | D        | Noticed a destroyer
    18 | D        | Demolished by a meat berserker

Illustrated notes

Levels and vault maps discovered:
D:        meatsprint

Skill      XL: |  1  2  3  4  5  6  7  8  9 10 11 12 13 14 |
---------------+-------------------------------------------+-----
Fighting       | 15 17 20 22 23 | 23.1
Axes           | 3 4 7 9 10 | 10.6
Dodging        | 13 15 17 19 20 | 20.1
Stealth        | 5 6 7 8 |  8.5
Unarmed Combat | 13 15 17 19 20 | 20.4

Action                   |  1- 3 |  4- 6 |  7- 9 | 10-12 | 13-15 || total
-------------------------+-------+-------+-------+-------+-------++-------
Melee: Executioner's axe |     1 |       |       |     2 |     3 ||     6
  Use: Potion            |     1 |       |       |       |       ||     1

Table legend: (Time is in decaauts)
 A = Elapsed time spent in this place.
 B = Non-inter-level travel time spent in this place.
 C = Inter-level travel time spent in this place.
 D = Time resting spent in this place.
 E = Time spent auto-exploring this place.
 F = Levels seen in this place.
 G = Mean time per level.
                   A        B        C        D        E       F      G
               +--------+--------+--------+--------+--------+-----+--------+
         Total |     24 |     24 |      0 |      0 |      0 |   1 |   24.0 |
       Dungeon |     24 |     24 |      0 |      0 |      0 |   1 |   24.0 |
               +--------+--------+--------+--------+--------+-----+--------+

Top non-repeatable levels by time:
       D: 24 daAuts
